Map: World of Sleepers LE

Players

uglyHunter - Winner!

  • Race: Zerg Zerg
  • League: Diamond
  • Spawn Location: 1:00

OldGreg

  • Race: Protoss Protoss
  • League: Diamond
  • Spawn Location: 7:00

VOD

Have the link to the VOD?

Description

Time

  • Played on: Jan. 15, 2020, 1:44 a.m.
  • Length: 24:37
Show
View Real Time Build Order
Export as new Build Order

uglyHunter Zerg - Winner!

Build Orders: Hatch First 

Get SALT Encoding   

  12  0:01  Drone  
  13  0:13  Overlord  
  13  0:17  Drone  
  14  0:31  Drone x2  
  16  0:49  Hatchery  
  15  0:51  Drone  
  15  0:55  Drone  
  17  0:58  Drone  
  18  1:09  Extractor  
  17  1:14  Spawning Pool  
  17  1:16  Drone  
  17  1:20  Drone  
  18  1:28  Drone  
  19  1:43  Drone  
  21  1:57  Drone  
  22  2:02  Spine Crawler  
  22  2:06  Overlord  
  21  2:09  Metabolic Boost  
  21  2:24  Queen  
  23  2:34  Zergling x2  
  23  2:35  Zergling x2  
  25  2:46  Extractor  
  24  2:55  Drone x2  
  24  2:57  Drone  
  27  2:59  Queen  
  29  3:35  Drone  
  29  3:38  Hatchery  
  29  3:46  Roach Warren  
  29  3:47  Lair, Drone  
  29  4:05  Drone  
  29  4:07  Overlord x2  
  30  4:11  Hatchery  
  30  4:15  Overlord x2  
  30  4:17  Roach Warren  
  28  4:19  Drone  
  29  4:30  Drone  
  30  4:36  Spore Crawler  
  29  4:39  Drone  
  29  4:45  Pneumatized Carapace  
  30  4:47  Overseer  
  30  4:49  Drone x3  
  30  4:52  Queen, Drone x2  
  37  5:03  Zergling x4  
  37  5:06  Glial Reconstitution, Tunneling Claws  
  39  5:11  Overseer  
  39  5:13  Drone  
  40  5:31  Burrow  
  40  5:32  Drone x6  
  40  5:33  Drone  
  46  5:37  Drone x2  
  47  5:49  Queen  
  49  5:52  Extractor  
  49  5:53  Extractor  
  49  5:54  Roach  
  49  5:55  Roach x2  
  53  6:01  Drone x3  
  56  6:13  Zergling x6  
  58  6:23  Drone x3  
  58  6:24  Overlord x3, Drone  
  62  6:29  Overseer  
  62  6:32  Roach x2  
  66  6:48  Hydralisk Den  
  65  7:04  Roach x6  
  65  7:05  Roach x5  
  65  7:08  Drone x2  
  89  7:24  Muscular Augments  
  89  7:25  Drone  
  90  7:32  Drone x2  
  90  7:34  Drone x7, Nydus Network  
  98  7:44  Overlord x3  
  98  8:02  Queen x2  
  102  8:07  Hydralisk x4, Roach x2  
  114  8:13  Nydus Canal  
  114  8:19  Infestation Pit  
  113  8:23  Ravager  
  113  8:24  Ravager x7  
  113  8:25  Overlord x2  
  121  8:42  Queen, Overlord  
  120  9:07  Spire  
  103  9:15  Hydralisk x7  
  103  9:16  Hydralisk  
  101  9:30  Drone x8  
  88  9:56  Nydus Canal  
  88  10:03  Drone  
  88  10:04  Drone x5  
  94  10:33  Drone x2  
  94  10:35  Drone x3  
  99  10:40  Roach x9  
  27  11:15  Drone  
  27  11:19  Spore Crawler  
  26  11:27  Spore Crawler x2  
  26  11:28  Queen  
  26  11:29  Queen  
  26  11:30  Spore Crawler  
  26  11:31  Spore Crawler  
  26  11:33  Spore Crawler  
  26  11:34  Spore Crawler  
  26  11:37  Spore Crawler  
  26  11:39  Spore Crawler  
  22  11:41  Spore Crawler  
  19  11:50  Spore Crawler  
  18  12:02  Drone x3  
  18  12:07  Drone  
  22  12:32  Roach  
  22  12:42  Drone x5  
  27  12:46  Drone  
  27  12:47  Drone x2  
  30  13:01  Drone  
  31  13:06  Queen  
  31  13:08  Roach x2  
  35  13:13  Drone  
  36  13:23  Drone  
  37  13:34  Queen  
  37  13:37  Drone  
  37  13:38  Drone  
  37  13:40  Extractor x2  
  39  13:42  Queen  
  41  14:10  Drone x3, Hatchery  
  43  14:18  Queen  
  43  14:20  Drone x4  
  49  14:30  Queen  
  51  14:31  Roach x2  
  51  14:34  Drone  
  56  14:48  Zergling x4  
  58  14:57  Queen  
  60  15:05  Queen, Drone x7  
  69  15:24  Queen  
  69  15:25  Roach x2  
  75  15:32  Queen  
  77  15:48  Roach x2, Queen  
  83  15:53  Drone x4  
  83  15:56  Spore Crawler  
  86  15:59  Queen  
  86  16:03  Nydus Network  
  87  16:06  Roach x2  
  87  16:07  Roach  
  87  16:08  Queen  
  87  16:09  Roach  
  97  16:12  Drone  
  97  16:13  Drone  
  99  16:25  Roach x5  
  103  16:29  Roach x2  
  94  16:34  Roach  
  94  16:35  Roach  
  94  16:37  Roach x3  
  70  17:03  Roach x3  
  74  17:13  Roach x8  
  80  17:24  Roach x2  
  80  17:26  Drone x3  
  79  17:39  Drone  
  79  17:40  Drone x2  
  82  17:44  Queen  
  84  17:58  Nydus Canal  
  84  18:08  Hatchery  
  84  18:10  Roach x4  
  59  18:36  Drone x5  
  56  18:45  Roach x3  
  62  18:56  Roach x2  
  66  19:15  Infestor x2  
  66  19:16  Infestor x2  
  74  19:23  Roach  
  74  19:24  Roach  
  78  19:37  Roach x4  
  78  19:38  Roach  
  88  19:41  Roach  
  88  19:45  Roach  
  92  19:51  Queen  
  94  19:54  Roach  
  94  20:17  Neural Parasite  
  94  20:19  Roach  
  94  20:20  Roach x6  
  106  20:23  Infestor  
  106  20:25  Infestor  
  110  20:37  Hydralisk Den  
  110  20:41  Zergling x2  
  110  20:42  Zergling x4  
  112  20:49  Spore Crawler  
  99  21:24  Hydralisk x8  
  115  21:36  Hatchery  
  114  21:47  Hydralisk  
  109  21:58  Hydralisk x3  
  103  22:12  Hydralisk  
  103  22:24  Grooved Spines  
  102  22:49  Drone x2  
  104  23:19  Drone x2  
  106  23:21  Hydralisk x2, Hatchery  
  106  23:26  Hydralisk  
  111  23:42  Hydralisk  
  111  23:43  Overlord  
  111  23:44  Overlord  
  111  23:47  Nydus Canal  
  113  24:00  Overlord x2  
Show
View Real Time Build Order
Export as new Build Order

OldGreg Protoss 

Build Orders:  

Get SALT Encoding   

  12  0:00  Probe  
  13  0:13  Probe  
  14  0:25  Probe  
  15  0:29  Pylon  
  15  0:47  Probe  
  16  0:51  Forge  
  16  0:55  Gateway  
  16  0:59  Probe  
  17  1:11  Probe  
  18  1:23  Probe  
  19  1:31  Pylon  
  19  1:32  Pylon  
  19  1:34  Pylon  
  19  1:50  Photon Cannon  
  19  2:10  Pylon  
  19  2:13  Probe  
  19  2:15  Assimilator  
  20  2:19  Assimilator  
  20  2:24  Pylon  
  20  2:29  Probe  
  21  2:41  Probe  
  22  2:45  Nexus  
  22  2:50  Cybernetics Core  
  22  2:53  Probe  
  23  3:09  Zealot  
  23  3:10  Photon Cannon  
  25  3:13  Probe, Pylon  
  26  3:28  Probe  
  27  3:37  Stalker  
  27  3:38  Pylon  
  29  3:54  Probe (Chrono Boost)  
  30  4:00  Stargate  
  29  4:03  Probe (Chrono Boost)  
  29  4:06  Probe (Chrono Boost)  
  29  4:07  Stalker  
  33  4:14  Probe (Chrono Boost)  
  33  4:15  Probe (Chrono Boost)  
  34  4:18  Protoss Ground Weapons Level 1  
  34  4:22  Probe (Chrono Boost), Warp Gate  
  37  4:34  Probe x2 (Chrono Boost)  
  37  4:37  Stalker  
  40  4:42  Assimilator  
  41  4:46  Assimilator  
  41  4:48  Void Ray (Chrono Boost)  
  44  5:11  Probe  
  44  5:12  Probe  
  46  5:20  Stalker  
  48  5:24  Probe  
  49  5:31  Pylon  
  49  5:35  Oracle  
  52  5:41  Nexus  
  50  5:44  Probe x2 (Chrono Boost)  
  52  5:50  Pylon  
  52  6:16  Photon Cannon  
  52  6:19  Probe x2, Assimilator  
  52  6:24  Assimilator  
  54  6:27  Protoss Ground Armor Level 1 (Chrono Boost)  
  54  6:29  Stargate  
  54  6:30  Stargate  
  54  6:31  Probe x2  
  56  6:37  Photon Cannon  
  56  6:43  Probe x2  
  58  6:47  Pylon  
  58  6:54  Oracle  
  61  7:05  Probe x2  
  61  7:07  Probe  
  64  7:17  Probe x2  
  64  7:19  Probe  
  64  7:20  Oracle  
  64  7:22  Oracle  
  73  7:27  Photon Cannon  
  73  7:31  Probe, Oracle  
  73  7:33  Pylon  
  77  7:43  Probe x3  
  80  7:55  Probe x2  
  80  7:57  Oracle (Chrono Boost)  
  85  7:59  Oracle (Chrono Boost)  
  88  8:08  Oracle (Chrono Boost)  
  88  8:09  Pylon  
  88  8:11  Pylon  
  91  8:13  Pylon  
  91  8:21  Twilight Council  
  91  8:24  Probe  
  91  8:25  Probe  
  93  8:30  Oracle (Chrono Boost)  
  96  8:55  Oracle x2  
  101  9:01  Oracle  
  96  9:49  Oracle (Chrono Boost)  
  92  9:53  Oracle (Chrono Boost)  
  92  9:56  Oracle (Chrono Boost)  
  92  9:57  Pylon  
  92  9:58  Pylon  
  93  10:04  Photon Cannon  
  93  10:06  Photon Cannon  
  93  10:08  Photon Cannon  
  93  10:10  Photon Cannon  
  93  10:11  Photon Cannon  
  93  10:13  Pylon  
  91  10:24  Oracle (Chrono Boost)  
  91  10:25  Pylon  
  94  10:29  Oracle (Chrono Boost)  
  94  10:31  Oracle (Chrono Boost)  
  90  10:49  Gateway  
  83  10:52  Gateway  
  77  11:08  Oracle  
  78  11:26  Nexus  
  78  11:28  Pylon  
  78  12:00  Zealot x2  
  78  12:01  Cybernetics Core  
  70  12:44  Zealot x2  
  70  12:50  Gateway  
  74  12:53  Gateway  
  74  12:54  Gateway  
  73  13:00  Templar Archives  
  73  13:22  Forge  
  73  13:31  Charge (Chrono Boost)  
  73  13:32  Zealot x2  
  77  13:36  Psionic Storm  
  77  13:50  High Templar x2  
  77  13:52  High Templar  
  83  14:20  High Templar x2  
  87  14:32  Assimilator  
  87  14:34  Photon Cannon  
  87  14:37  Stalker x3  
  93  14:54  Stalker  
  93  14:55  Stalker  
  97  15:43  Stalker x5  
  89  17:01  Archon  
  89  17:02  Archon  
  61  17:41  Stalker x3  
  61  17:42  Void Ray, Stalker  
  73  17:50  Stalker  
  74  18:25  Void Ray  
  77  18:43  Void Ray x2  
  85  19:08  Void Ray  
  89  19:24  Pylon  
  89  19:25  Void Ray  
  89  19:30  Void Ray  
  97  19:51  Void Ray  
  97  20:24  Photon Cannon  
  97  20:27  Photon Cannon  
  97  20:33  Nexus  
  97  20:44  Pylon  
  55  21:32  Stalker  
  57  21:33  Stalker x3  
  62  22:07  Oracle (Chrono Boost)  
  65  22:26  Pylon  
  65  22:45  Nexus  
  65  22:48  Photon Cannon  
  65  23:13  High Templar  
  65  23:14  High Templar x3  
  65  23:15  High Templar  
  75  23:31  Photon Cannon  
  75  23:59  Assimilator  
  75  24:02  Stalker x2  
  79  24:05  Assimilator  
  72  24:30  Archon  
Tags
 
Add a new tag
Caveats
  • Supply blocks, unpowered buildings, or Contaminate may cause inaccurate times.
  • Supply counts are checked every 10 seconds.